 Dungeon Crawl Stone Soup version 0.30.0-19-g36f170ea60 (webtiles) character file.

Game seed: 11269837371098366887

1946 javelincjr the Caller (level 8, -8/66 HPs)
             Began as a Demigod Summoner on May 30, 2023.
             Killed from afar by a steam dragon (11 damage)
             ... with a ball of steam
             ... on level 7 of the Dungeon.
             The game lasted 00:34:29 (6741 turns).

javelincjr the Caller (Demigod Summoner)            Turns: 6741, Time: 00:34:30

Health: -8/66      AC:  9    Str:  9    XL:     8   Next: 66%
Magic:  5/26       EV: 11    Int: 28    God:
Gold:   279        SH:  5    Dex: 14    Spells: 9/15 levels left

rFire   . . .        n - +1 dagger (protect)
rCold   . . .        w - +0 buckler
rNeg    . . .        t - +0 ring mail {Will+}
rPois   .            s - +1 helmet {Int+3}
rElec   .            (no cloak)
rCorr   .            (no gloves)
SInv    .            E - +0 pair of boots
Will    +....        (no amulet)
Stlth   ++           u - ring of wizardry
HPRegen 0.31/turn    y - ring of magical power
MPRegen 0.20/turn

%: wizardry (x1)
@: no status effects
A: high MP 1, forlorn, divine attributes
a: no special abilities


You were on level 7 of the Dungeon.
You visited 2 branches of the dungeon, and saw 7 of its levels.

You collected 305 gold pieces.
You spent 26 gold pieces at shops.

Inventory:

Hand Weapons
 h - a +2 hand axe of pain
 n - a +1 dagger of protection (weapon)
 r - a +1 short sword of speed
 F - a +0 flail of holy wrath
 G - a +2 whip of flaming
Armour
 q - a +0 pair of boots
 s - a +1 helmet of intelligence (worn)
 t - a +0 ring mail of willpower (worn)
 w - a +0 buckler (worn)
 D - a +0 chain mail of cold resistance
 E - a +0 pair of boots (worn)
Jewellery
 i - a ring of poison resistance
 o - a ring of see invisible
 u - a ring of wizardry (left hand)
 y - a ring of magical power (right hand)
Wands
 A - a wand of roots (8)
 I - a wand of charming (3)
Scrolls
 a - a scroll of butterflies {unknown}
 c - 5 scrolls of identify {unknown}
 e - 2 scrolls of poison {unknown}
 g - 3 scrolls of magic mapping {unknown}
 j - 2 scrolls of enchant weapon {unknown}
 k - 2 scrolls of immolation {unknown}
 l - 4 scrolls of teleportation {unknown}
 m - a scroll of noise {unknown}
 v - 2 scrolls of brand weapon {unknown}
 B - a scroll of blinking {unknown}
 C - a scroll of amnesia {unknown}
Potions
 b - a potion of magic
 d - 4 potions of lignification {unknown}
 f - a potion of might {unknown}
 p - a potion of degeneration {unknown}
 x - a potion of haste {unknown}
 z - 3 potions of curing
 H - a potion of attraction {unknown}


   Skills:
 + Level 3.8 Fighting
 + Level 3.4 Armour
 + Level 4.6 Dodging
 + Level 4.7 Stealth
 + Level 3.3 Shields
 + Level 4.0 Spellcasting
 + Level 5.5 Summonings


You had 9 spell levels left.
You knew the following spells:

 Your Spells              Type           Power      Damage    Failure   Level
a - Summon Small Mammal   Summ           100%       N/A       1%          1
b - Call Imp              Summ           72%        N/A       1%          2
c - Call Canine Familiar  Summ           36%        N/A       3%          3

Your spell library contained the following spells:

 Spells                   Type           Power      Damage    Failure   Level
 Apportation              Tloc           10%        N/A       12%         1
 Necrotise                Necr           20%        1d5       12%         1
 Summon Guardian Golem    Hex/Summ       21%        N/A       12%         3
 Summon Lightning Spire   Summ/Air       21%        N/A       34%         4
 Alistair's Intoxication  Tmut/Pois      3%         N/A       95%         5


Dungeon Overview and Level Annotations

Branches:
Dungeon (7/15)             Temple (1/1) D:5

Shops:
D:2 ((*=   D:5 (   D:6 =


Innate Abilities, Weirdness & Mutations

You have an increased reservoir of magic. (+10% MP)
You shall have no god before yourself.
Your divine heritage dramatically boosts your attributes as you level up.


Message History

The orc moves out of view. x2
You hear a shout!
An orc comes into view. It is wielding a +0 hand axe.
You swap places.
You are engulfed in a cloud of scalding steam.
Your wolf is engulfed in a cloud of scalding steam.
Your cerulean imp is engulfed in a cloud of scalding steam.
The orc moves out of view.
You swap places.
You are engulfed in a cloud of scalding steam.
* * * LOW HITPOINT WARNING * * *
Your wolf is engulfed in a cloud of scalding steam.
Your wolf dies!
Your wolf's corpse disappears in a puff of smoke!
Your cerulean imp is engulfed in a cloud of scalding steam.
Your cerulean imp dies!
Your cerulean imp disappears in a puff of smoke!
Casting: Call Imp (safe; 1% risk of failure)
Confirm with . or Enter, or press ? or * to list all spells.
Casting: Call Canine Familiar (dangerous; 3% risk of failure)
Confirm with . or Enter, or press ? or * to list all spells.
A tiny devil pulls itself out of the air.
Your hound bites the steam dragon.
You closely miss the steam dragon.
The steam dragon is moderately wounded.
Your hound closely misses the steam dragon.
The steam dragon breathes steam at you. The ball of steam hits you!
* * * LOW HITPOINT WARNING * * *
Your hound barely misses the steam dragon.
Your cerulean imp hits the steam dragon but does no damage.
You hear an angry hiss.
You hear a shout!
Your hound bites the steam dragon.
You block the steam dragon's attack. The steam dragon barely misses you.
Your cerulean imp hits the steam dragon with a -1 spear.
Your hound bites the steam dragon but does no damage.
The steam dragon breathes steam at you.
The ball of steam hits your cerulean imp!
The ball of steam hits you!
You die...

#.# #### #.# ..# #.# #.# ##.## ##
## #.### #.§§# .. .. #####...#
#.§§# .# #o #.......# #..§#
.###z.. #.#...<.# #.§D######.o.o#
# #...##.#### #@5h...o.o###.# #
#..#...[..####...#####o)†o.#
###..#.#.#................##.....
.....#.#.........................
###......#................##.....
# #..#.#.##.####..........# .....
# #..#......# #...######.. .....
#...##.#### #...# ####.####
#.#.##.# #...# .#


You could see a steam dragon (catching breath, ally target), an orc, a friendly
hound (summoned) and a friendly cerulean imp (summoned).

Vanquished Creatures
  A black bear (D:5)
  A centaur (D:5)
  A bullfrog (D:6)
  A kobold brigand (D:5)
  2 howler monkeys (D:7)
  A hound (D:5)
  A sleepcap (D:6)
  3 orc wizards (D:5)
  2 adders (D:2)
  A shadow imp (D:5)
  An ufetubus (D:5)
  A worm (D:2)
  A dart slug (D:3)
  5 orcs
  5 bats (D:2)
  3 endoplasms
  A giant cockroach (D:1)
  3 goblins
  3 hobgoblins
  A jackal (D:2)
  2 quokkas (D:1)
  4 ball pythons
  2 frilled lizards (D:2)
  12 kobolds
  5 rats
63 creatures vanquished.

Vanquished Creatures (collateral kills)
  Pikel (D:6)
  A water moccasin (D:6)
  Duvessa (D:6)
  2 ice beasts
  A black bear (D:6)
  3 lemures (D:6)
  Dowan (D:6)
  2 orc priests
  A jelly (D:6)
  A gnoll bouda (D:7)
  A sleepcap (D:6)
  An iguana (D:5)
  Terence (D:3)
  An orc wizard (D:7)
  5 gnolls
  An adder (D:2)
  A white imp (D:6)
  An ufetubus (D:6)
  6 orcs
  2 endoplasms (D:2)
  6 giant cockroaches
  4 goblins
  A hobgoblin (D:1)
  3 jackals (D:2)
  2 quokkas (D:2)
  3 ball pythons
  2 bats
  3 frilled lizards
  15 kobolds
  6 rats
79 creatures vanquished.

Vanquished Creatures (others)
  An orc wizard (D:5)
1 creature vanquished.

Grand Total: 143 creatures vanquished

Notes
Turn   | Place    | Note
-------+----------+-------------------------------------------
     0 | D:1      | javelincjr the Demigod Summoner began the quest for the
                  | Orb.
     0 | D:1      | Reached XP level 1. HP: 14/14 MP: 5/5
   347 | D:1      | Reached XP level 2. HP: 20/20 MP: 4/7
   350 | D:1      | Learned a level 2 spell: Call Imp
  1124 | D:2      | Reached XP level 3. HP: 21/27 MP: 8/8
  1265 | D:2      | Learned a level 3 spell: Call Canine Familiar
  1421 | D:2      | Found Zekham's Jewellery Boutique.
  1460 | D:2      | Found Kiesi's Weapon Shop.
  1543 | D:2      | Reached skill level 1 in Fighting
  1622 | D:2      | Reached skill level 4 in Summonings
  1647 | D:2      | Found Varhaf's Assorted Antiques.
  1650 | D:2      | Bought a scroll labelled FAHI BEPLIFU for 26 gold pieces
  1659 | D:2      | Reached XP level 4. HP: 35/35 MP: 7/10
  1808 | D:2      | Found Seczipet's Weapon Shoppe.
  2466 | D:3      | Noticed Terence
  2480 | D:3      | Killed Terence
  2657 | D:3      | You fall into a shaft and drop 2 floors!
  2657 | D:5      | Entered Level 5 of the Dungeon
  2714 | D:5      | Noticed a centaur
  2776 | D:5      | Noticed a kobold brigand
  2806 | D:5      | Killed a kobold brigand
  2807 | D:5      | Reached XP level 5. HP: 26/40 MP: 11/11
  3007 | D:5      | Reached skill level 1 in Armour
  3072 | D:5      | Reached skill level 1 in Shields
  3299 | D:5      | Found Fuqokk's Weapon Emporium.
  3300 | D:5      | Noticed a black bear
  3316 | D:5      | Killed a black bear
  3317 | D:5      | Reached XP level 6. HP: 48/48 MP: 7/13
  3403 | D:5      | Found a staircase to the Ecumenical Temple.
  3557 | Temple   | Entered the Ecumenical Temple
  4847 | D:6      | Noticed a water moccasin
  4866 | D:6      | Killed a water moccasin
  4867 | D:6      | Reached XP level 7. HP: 33/56 MP: 10/14
  5510 | D:6      | Found Itzah's Jewellery Shoppe.
  5542 | D:6      | Noticed Duvessa
  5544 | D:6      | Noticed Dowan
  5579 | D:6      | Killed Duvessa
  5580 | D:6      | Reached skill level 5 in Summonings
  5597 | D:6      | Killed Dowan
  5929 | D:6      | Reached XP level 8. HP: 63/63 MP: 16/16
  6266 | D:7      | Noticed Pikel
  6502 | D:6      | Killed Pikel
  6739 | D:7      | HP: 3/66 [steam dragon/ball of steam (14)]
  6741 | D:7      | Killed from afar by a steam dragon

Illustrated notes

Levels and vault maps discovered:
D:1:      dpeg_arrival_prison, layout_basic
D:2:      minmay_razor_zed, layout_basic, serial_shops,
          nicolae_shop_just_a_little_nook, nicolae_shop_bloodbath_and_beyond,
          shop, nicolae_shop_behind_doors, minmay_tetromino_t4
D:3:      layout_loops_ring, nicolae_ashenzari_panopticon, lemuel_doored_altar,
          grunt_dithmenos_smoke, uniq_terence
D:5:      kennysheep_kobold_camp, layout_loops_corners,
          nicolae_wu_jian_glorious_leap, minmay_temple_entry_wispy,
          serial_shops, nicolae_shop_trees
D:6:      layout_basic, serial_shops, nicolae_square_shop, uniq_duvessa
D:7:      layout_loops_cross, minmay_starry_boxes, uniq_pikel
Temple:   regret_index_temple_waves

Skill      XL: |  1  2  3  4  5  6  7  8 |
---------------+-------------------------+-----
Dodging        | 2 3 4 |  4.6
Stealth        | 2 3 4 |  4.7
Spellcasting   | 2 3 4 |  4.0
Fighting       | 1 2 3 |  3.8
Summonings     | 4 5 |  5.5
Armour         | 1 2 3 |  3.4
Shields        | 1 2 3 |  3.3

Action                     |  1- 3 |  4- 6 |  7- 9 || total
---------------------------+-------+-------+-------++-------
  Melee: Unarmed           |    19 |       |       ||    19
         Short sword       |    13 |       |       ||    13
         Hand axe          |    38 |       |       ||    38
         Dagger            |    26 |   271 |    81 ||   378
         Punch             |     1 |       |       ||     1
   Cast: Summon Small Mamm |    29 |    11 |    15 ||    55
         Call Imp          |    11 |    20 |    21 ||    52
         Call Canine Famil |     1 |     5 |    21 ||    27
   Stab: Sleeping          |     4 |       |       ||     4
         Distracted        |     2 |     4 |     1 ||     7
 Armour: Robe              |    19 |       |       ||    19
         Ring mail         |       |   137 |    45 ||   182
  Dodge: Dodged            |    56 |   121 |    63 ||   240
  Block: Buckler           |       |    37 |    27 ||    64
